 Dungeon Crawl Stone Soup version 0.29-a0-356-g7bc237e783 (webtiles) character file.

Game seed: 12190627631354886001

84 spaghetti the Spear-Bearer (level 4, -3/32 HPs)
             Began as a Gnoll Wanderer on Apr 25, 2022.
             Was a Believer of Elyvilon.
             Slain by Crazy Yiuf
             ... wielding a +3 quarterstaff of chaos
              (8 damage)
             ... on level 2 of the Dungeon.
             The game lasted 00:03:32 (1988 turns).

spaghetti the Spear-Bearer (Gnoll Wanderer)         Turns: 1988, Time: 00:03:33

Health: -3/32      AC:  3    Str: 12 (14) XL:     4   Next: 45%
Magic:  4/8        EV: 11    Int: 10 (11) God:    Elyvilon [**....]
Gold:   227        SH:  0    Dex: 10 (13) Spells: 9/9 levels left

rFire   + . .      SeeInvis .   d - +0 mace (protect) {mace}
rCold   + . .      Faith    .   (no shield)
rNeg    . . .      Spirit   .   e - +0 leather armour
rPois   +          Reflect  .   (no helmet)
rElec   +          Harm     .   (no cloak)
rCorr   +          Rampage  .   (no gloves)
Will    .....                   (no boots)
Stlth   ++........              (no amulet)
HPRegen 0.10/turn               (no ring)
MPRegen 0.11/turn               (no ring)

@: resistant, attractive, slowed, very slow
A: fangs 1, strong nose, distributed training, agile 1, sense surroundings 1
a: Renounce Religion, Purification, Heal Other


You were on level 2 of the Dungeon.
You worshipped Elyvilon.
Elyvilon was pleased with you.
You visited 1 branch of the dungeon, and saw 3 of its levels.

You collected 227 gold pieces.


Innate Abilities, Weirdness & Mutations

You have very sharp teeth.
Your uncanny sense of smell can sniff out nearby items.
Your experience applies equally to all skills.
You are agile. (Dex +2)
You passively map a small area around you.


   Skills:
 + Level 1.1 Fighting
 + Level 1.1 Short Blades
 + Level 1.1 Long Blades
 + Level 1.1 Axes
 + Level 1.1 Maces & Flails
 + Level 10.4 Polearms
 + Level 1.1 Staves
 + Level 1.1 Slings
 + Level 2.7 Bows
 + Level 1.1 Crossbows
 + Level 1.1 Throwing
 + Level 2.7 Armour
 + Level 1.1 Dodging
 + Level 2.5 Stealth
 + Level 1.1 Shields
 + Level 1.1 Unarmed Combat
 + Level 3.0 Spellcasting
 + Level 0.9 Conjurations
 + Level 0.9 Hexes
 + Level 0.9 Summonings
 + Level 0.9 Necromancy
 + Level 0.9 Translocations
 + Level 0.9 Transmutations
 + Level 0.9 Fire Magic
 + Level 0.9 Ice Magic
 + Level 0.9 Air Magic
 + Level 0.9 Earth Magic
 + Level 0.9 Poison Magic
 + Level 1.2 Invocations
 + Level 2.7 Evocations


You had 9 spell levels left.
You didn't know any spells.
Your spell library contained the following spells:

 Spells                   Type           Power      Damage    Failure   Level
 Animate Skeleton         Necr           6%         N/A       24%         1
 Pain                     Necr           12%        1d4       24%         1
 Vampiric Draining        Necr           3%         2d6       58%         3
 Alistair's Intoxication  Tmut/Pois      2%         N/A       100%        5
 Borgnjor's Vile Clutch   Necr/Erth      1%         N/A       100%        5
 Eringya's Noxious Bog    Tmut/Pois      1%         N/A       100%        6

Inventory:

Hand Weapons
 a - a +0 trident {polearm}
 b - a +0 shortbow {bow}
 d - a +0 mace of protection (weapon) {mace}
   (You took it off a gnoll on level 2 of the Dungeon)
 k - a +1 dagger of draining {short}
   (You found it on level 1 of the Dungeon)
Missiles
 j - 60 stones {throwing}
Armour
 e - a +0 leather armour (worn)
 i - a +0 kite shield
   (You found it on level 1 of the Dungeon)
 n - a +0 pair of gloves
   (You found it on level 1 of the Dungeon)
Scrolls
 f - 2 scrolls of identify {@r1}
 g - a scroll of fog
Potions
 m - a potion of attraction {!q}

Dungeon Overview and Level Annotations

Branches:
Dungeon (3/15)

Altars:
Elyvilon

Annotations:
D:2 Crazy Yiuf

###
#.......####....#
#..... #
#.......# ##...#
#)#### ##.....##
#...# #.# ##...##
##### #.## #####
#..# ♣♣♣♣♣###.#
#####♣♣♣.♣.)#.#.#
#g..#♣..♣.......#
#.@.'.♣♣♣♣......#
#)..#♣♣ ♣♣♣#).##
##### ####


You could see Crazy Yiuf.


Message History

You take 3 damage, and now have 13/32 hp.
You closely miss the gnoll. The gnoll barely misses you.
You barely miss the gnoll.
The gnoll hits you with a +0 mace of protection!
* * * LOW HITPOINT WARNING * * *
😱 HP[-7]
You take 7 damage, and now have 6/32 hp.
MASSIVE DAMAGE!! (PAUSE) Unknown command.
Okay, then.
Press: ? - help, Dir - move target, f - gnoll Heal: a gnoll, wielding a +0 mace of protection (severely wounded, chance to pacify: 17%) It was a potion of mutation.
You feel extremely strange.
You feel agile.
You feel a strange attunement to the structure of the dungeons.
The gnoll closely misses you.
You barely miss the gnoll. You bite the gnoll, but do no damage.
You barely miss the gnoll. Your bite misses the gnoll.
The gnoll barely misses you.
Aiming: Throw Flame
Press: ? - help, Q - select action, (/) - cycle Shift-Dir - straight line, f - gnoll
Aim: a gnoll, wielding a +0 mace of protection (severely wounded, 75% to hit)
The puff of flame hits the gnoll!
You kill the gnoll!
d - a +0 mace of protection {mace}
Things that are here:
a +0 spear {polearm}; a gnoll corpse 😱 HP[+1]
Your +0 mace of protection {mace} hums with potential!
d - a +0 mace of protection (weapon)
{mace}
Okay, then.
You start resting. 😎 HP[+25]
Your hp is fully restored (32).
You see here a +0 club {mace}.
Things that are here:
a +0 spear {polearm}; a gnoll skeleton Key pressed, stopping explore.
Crazy Yiuf shouts!
Key pressed, stopping explore.
Things that are here:
a +0 spear {polearm}; a gnoll skeleton Key pressed, stopping explore.
There is a stone staircase leading up here.
You see here a +0 spear {polearm}.
You open the door.
There is an open translucent door here.
Crazy Yiuf shouts!
Crazy Yiuf completely misses you.
You closely miss Crazy Yiuf.
Crazy Yiuf hits you with a +3 quarterstaff of chaos.
Crazy Yiuf burns you. 😮 HP[-8]
You take 8 damage, and now have 24/32 hp.
MASSIVE DAMAGE!! (PAUSE) Unknown command.
You hit Crazy Yiuf but do no damage.
Your weapon exudes an aura of protection.
Your bite misses Crazy Yiuf.
Crazy Yiuf flaps his cloak.
Crazy Yiuf hits you with a +3 quarterstaff of chaos.
Crazy Yiuf freezes you. 😮 HP[-2]
You take 2 damage, and now have 22/32 hp.
You barely miss Crazy Yiuf.
Crazy Yiuf hits you with a +3 quarterstaff of chaos!
* * * LOW HITPOINT WARNING * * *
Crazy Yiuf burns you.
* * * LOW HITPOINT WARNING * * *
Crazy Yiuf barely misses you. 😨 HP[-8]
You take 8 damage, and now have 14/32 hp.
MASSIVE DAMAGE!! (PAUSE) It was a potion of degeneration.
There was something very wrong with that liquid.
You feel weakened.
You feel dopey.
You feel clumsy.
Crazy Yiuf hits you with a +3 quarterstaff of chaos!
* * * LOW HITPOINT WARNING * * *
You feel your power leaking away. 😱 HP[-10] MP[-4]
You take 10 damage, and now have 4/32 hp.
MASSIVE DAMAGE!! (PAUSE)
You lost 4 mp, and now have 4/8 mp.
It was a potion of resistance.
You feel protected.
Crazy Yiuf hits you with a +3 quarterstaff of chaos!
Elyvilon protects you from harm!
You feel yourself slow down. 😱 HP[+1]
Okay, then.
It was a potion of attraction.
You feel attractive to monsters.
Crazy Yiuf laughs, "East!
Scoff forty-two blue."
Crazy Yiuf closely misses you.
Aiming: Throw Flame
Press: ? - help, Shift-Dir - straight line, f - Crazy Yiuf
Aim: Crazy Yiuf, wielding a +3 quarterstaff of chaos and wearing a +1 cloak (75% to hit)
The puff of flame hits Crazy Yiuf!
The now-empty wand crumbles to dust.
Crazy Yiuf hits you with a +3 quarterstaff of chaos!
You die...

Skill      XL: |  1  2  3  4 |
---------------+-------------+-----
Polearms       | | 10.4
Invocations    | 1 |  1.2
Fighting       | 1 |  1.1
Short Blades   | 1 |  1.1
Long Blades    | 1 |  1.1
Axes           | 1 |  1.1
Maces & Flails | 1 |  1.1
Staves         | 1 |  1.1
Slings         | 1 |  1.1
Crossbows      | 1 |  1.1
Throwing       | 1 |  1.1
Dodging        | 1 |  1.1
Shields        | 1 |  1.1
Unarmed Combat | 1 |  1.1
Spellcasting   | 3 |  3.0
Bows           | |  2.7
Armour         | |  2.7
Stealth        | |  2.5
Conjurations   | |  0.9
Hexes          | |  0.9
Summonings     | |  0.9
Necromancy     | |  0.9
Translocations | |  0.9
Transmutations | |  0.9
Fire Magic     | |  0.9
Ice Magic      | |  0.9
Air Magic      | |  0.9
Earth Magic    | |  0.9
Poison Magic   | |  0.9
Evocations     | |  2.7

Action                   |  1- 3 |  4- 6 || total
-------------------------+-------+-------++-------
Melee: Trident           |    82 |    10 ||    92
       Punch             |     1 |       ||     1
       Bite              |     4 |     1 ||     5
       Mace              |       |     3 ||     3
 Fire: Shortbow          |    17 |       ||    17
Evoke: Wand              |     1 |     2 ||     3
  Use: Potion            |     2 |     4 ||     6
       Scroll            |     2 |       ||     2
 Stab: Sleeping          |     1 |       ||     1
Armor: Leather armour    |    17 |     1 ||    18
Dodge: Dodged            |    33 |     8 ||    41

Levels and vault maps discovered:
D:1:      shiori_arrival_elements, layout_rooms,
          chequers_ecumenical_altar_island
D:2:      layout_rooms, uniq_crazy_yiuf_cottage, uniq_terence
D:3:      layout_rooms, chequers_serial_rivers_micro_c, uniq_ijyb

Notes
Turn   | Place    | Note
-------+----------+-------------------------------------------
     0 | D:1      | Reached skill level 10 in Polearms
     0 | D:1      | spaghetti the Gnoll Wanderer began the quest for the Orb.
     0 | D:1      | spaghetti set off with the following items: a +0 trident
                  | {polearm}, a +0 shortbow {bow}, a wand of flame (3), a
                  | potion of heal wounds {@q2}, a +0 leather armour
     0 | D:1      | Reached XP level 1. HP: 13/13 MP: 4/4
     0 | D:1      | magus.rc [v1.9.6]
     3 | D:1      | You pick up a book of Necromancy and begin reading...
     3 | D:1      | You add the spells Pain, Animate Skeleton and Vampiric
                  | Draining to your library.
   276 | D:1      | Found a faded altar of an unknown god.
   378 | D:1      | Prayed at the altar of an unknown god.
   378 | D:1      | Became a worshipper of Elyvilon the Healer
   378 | D:1      | Reached * piety under Elyvilon
   424 | D:1      | Reached XP level 2. HP: 19/19 MP: 5/5
   472 | D:2      | Noticed Terence
   483 | D:2      | HP: 2/20 [Terence/+0 flail (10)]
   506 | D:2      | Killed Terence
   507 | D:2      | Reached XP level 3. HP: 4/25 MP: 7/7
   859 | D:2      | Reached skill level 1 in Invocations
  1082 | D:2      | Reached skill level 1 in Fighting
  1082 | D:2      | Reached skill level 1 in Short Blades
  1082 | D:2      | Reached skill level 1 in Long Blades
  1082 | D:2      | Reached skill level 1 in Axes
  1082 | D:2      | Reached skill level 1 in Maces & Flails
  1082 | D:2      | Reached skill level 1 in Staves
  1082 | D:2      | Reached skill level 1 in Slings
  1082 | D:2      | Reached skill level 1 in Crossbows
  1082 | D:2      | Reached skill level 1 in Throwing
  1082 | D:2      | Reached skill level 1 in Dodging
  1082 | D:2      | Reached skill level 1 in Shields
  1082 | D:2      | Reached skill level 1 in Unarmed Combat
  1416 | D:2      | You add the spells Alistair's Intoxication, Borgnjor's Vile
                  | Clutch and Eringya's Noxious Bog to your library.
  1443 | D:2      | Reached ** piety under Elyvilon
  1530 | D:2      | Reached XP level 4. HP: 27/32 MP: 8/8
  1535 | D:2      | Reached skill level 3 in Spellcasting
  1551 | D:2      | HP: 6/32 [gnoll/+0 mace of protection (7)]
  1552 | D:2      | Gained mutation: You are agile. (Dex +2) [potion of
                  | mutation]
  1552 | D:2      | Gained mutation: You passively map a small area around you.
                  | [potion of mutation]
  1833 | D:2      | Found a runed translucent door.
  1834 | D:2      | Noticed Crazy Yiuf
  1985 | D:2      | HP: 4/32 [Crazy Yiuf/+3 quarterstaff of chaos (10)]
  1986 | D:2      | Elyvilon protects you from harm!
  1988 | D:2      | Slain by Crazy Yiuf

Vanquished Creatures
  Terence (D:2)
  3 gnolls (D:2)
  2 worms (D:2)
  4 bats
  3 endoplasms
  A goblin (D:1)
  A hobgoblin (D:1)
  4 jackals (D:2)
  3 kobolds
  A quokka (D:2)
  A ball python (D:1)
  2 frilled lizards (D:2)
  A rat (D:1)
27 creatures vanquished.

Table legend:
 A = Non-vault XP
 B = Vault XP
 C = Vault XP percentage of total XP
 D = Non-vault monster count
 E = Vault monster count
 F = Vault count percentage of total count
                 A         B        C        D         E       F
            +---------+---------+-------+---------+---------+-------
      Total |      88 |      32 |  26.7 |      26 |       1 |   3.7
            +---------+---------+-------+---------+---------+-------
        D:1 |      14 |       0 |   0.0 |       8 |       0 |   0.0
        D:2 |      73 |      32 |  30.5 |      17 |       1 |   5.6
        D:3 |       1 |       0 |   0.0 |       1 |       0 |   0.0
            +---------+---------+-------+---------+---------+-------

Illustrated notes

Table legend:
 A = Kills in this place as a percentage of kills in entire the game.
 B = Kills by you in this place as a percentage of kills by you in the entire game.
 C = Kills by friends in this place as a percentage of kills by friends in the entire game.
 D = Other kills in this place as a percentage of other kills in the entire game.
 E = Experience gained in this place as a percentage of experience gained in the entire game.
 F = Experience gained in this place divided by the number of levels of this place that you have seen.
                   A       B       C       D       E      F
               +-------+-------+-------+-------+-------+----------------------
         Total | 100.0 | 100.0 |   N/A |   N/A | 100.0 |  40.0
       Dungeon | 100.0 | 100.0 |   N/A |   N/A | 100.0 |  40.0
               +-------+-------+-------+-------+-------+----------------------

Table legend: (Time is in decaauts)
 A = Elapsed time spent in this place.
 B = Non-inter-level travel time spent in this place.
 C = Inter-level travel time spent in this place.
 D = Time resting spent in this place.
 E = Time spent auto-exploring this place.
 F = Levels seen in this place.
 G = Mean time per level.
                   A        B        C        D        E       F      G
               +--------+--------+--------+--------+--------+-----+--------+
         Total |   1967 |   1951 |     16 |    678 |   1015 |   3 |  655.7 |
       Dungeon |   1967 |   1951 |     16 |    678 |   1015 |   3 |  655.7 |
               +--------+--------+--------+--------+--------+-----+--------+

Top non-repeatable levels by time:
     D:2: 1468 daAuts
     D:1: 491 daAuts
     D:3: 8 daAuts
